 Dungeon Crawl Stone Soup version 0.22-a0-830-gf552829 (webtiles) character file.

644 zishaf the Ducker (level 7, 0/36 HPs)
             Began as a Deep Elf Fire Elementalist on July 24, 2018.
             Slain by a wraith (11 damage)
             ... in an ossuary.
             The game lasted 00:12:31 (5303 turns).

zishaf the Ducker (Deep Elf Fire Elementalist)      Turns: 5303, Time: 00:12:31

Health: 0/36       AC:  3    Str:  5    XL:     7   Next: 26%
Magic:  9/16       EV: 15    Int: 22    God:
Gold:   214        SH:  0    Dex: 15    Spells: 8/16 levels left

rFire    . . .     SeeInvis .   q - +0 broad axe
rCold    + . .     Gourm    .   (no shield)
rNeg     . . .     Faith    .   a - +0 robe
rPois    .         Spirit   .   (no helmet)
rElec    .         Reflect  .   (no cloak)
rCorr    .         Harm     .   r - +0 pair of gloves
MR       .....                  (no boots)
Stlth    ++........             (no amulet)
HPRegen  0.12/turn              l - ring of protection from cold
MPRegen  0.15/turn              (no ring)

@: slowed, very slow
A: no striking features
a: no special abilities


You were in an ossuary.
You were hungry.

You visited 1 branch of the dungeon, and saw 5 of its levels.
You also visited: Ossuary.

You collected 214 gold pieces.

Inventory:

Hand Weapons
 q - a +0 broad axe (weapon)
Armour
 a - a +0 robe (worn)
 r - a +0 pair of gloves (worn)
Jewellery
 l - a ring of protection from cold (left hand)
Scrolls
 b - a scroll of fog
 d - 3 scrolls of remove curse
 e - a scroll of immolation
 f - a scroll of fear
 g - 3 scrolls of teleportation
 k - a scroll of noise
 t - a scroll of amnesia
Potions
 h - a potion of brilliance {unknown}
 i - 2 potions of mutation {unknown}
 j - a potion of heal wounds {unknown}
 m - a potion of flight {unknown}
 n - a potion of degeneration {unknown}
 o - a potion of curing
 p - a potion of haste {unknown}
 u - a potion of might {unknown}
Comestibles
 c - 5 rations


   Skills:
 + Level 5.6 Dodging
 - Level 2.4 Stealth
 - Level 5.0 Spellcasting
 + Level 4.5 Conjurations
 + Level 5.6 Fire Magic


You had 8 spell levels left.
You knew the following spells:

 Your Spells              Type           Power        Failure   Level  Hunger
a - Flame Tongue          Conj/Fire      ####.        1%          1    None
b - Throw Flame           Conj/Fire      ####..       1%          2    None
c - Fireball              Conj/Fire      ####......   34%         5    #####..

Your spell library contained the following spells:

 Spells                   Type           Power        Failure   Level  Hunger
 Conjure Flame            Conj/Fire      ####....     3%          3    ##.....
 Sticky Flame             Conj/Fire      ####....     12%         4    ####...
 Inner Flame              Hex/Fire       ###.....     10%         3    ##.....


Dungeon Overview and Level Annotations

Branches:
Dungeon (5/15)
 Temple: D:4-7

Altars:
Hepliaklqana
Xom

Shops:
D:4 :


Message History

The wraith is moderately damaged.
The wraith closely misses you. The wraith misses you.
Casting: Flame Tongue (safe; 1% risk of failure)
Confirm with . or Enter, or press ? or * to list all spells.
Aiming: Flame Tongue (safe; 1% risk of failure)
Press: ? - help, Shift-Dir - straight line, f/p - wraith
Aim: a wraith (moderately damaged)
The flame tongue hits the wraith.
The wraith appears unharmed.
The wraith is moderately damaged.
The wraith hits you! The wraith drains your vigour!
You feel as though you will be slow longer.
Casting: Flame Tongue (safe; 1% risk of failure)
Confirm with . or Enter, or press ? or * to list all spells.
Aiming: Flame Tongue (safe; 1% risk of failure)
Press: ? - help, Shift-Dir - straight line, f/p - wraith
Aim: a wraith (moderately damaged)
The flame tongue hits the wraith.
The wraith is heavily damaged.
The wraith closely misses you. The wraith hits you!
You die...

#########################
#........................
#.∩.....................∩
#.......#####+#####......
#......##.........##.....
#.....##...#####...##....
#....##...##...##...##...
#....#...##.!?!.##...#...
#....'..@W.?!??..#...'...
#....#...##..!?.##...#...
#....##...##...##...##...
#.....##...#####...##....
#......##.........##.....
#.......#####'#####......
#.∩.....................∩
#........................
############'''##########


You could see a wraith.

Vanquished Creatures
  2 ogres (D:4)
  2 hounds (D:4)
  An orc priest (D:3)
  3 worker ants (D:4)
  An iguana (D:5)
  4 orc wizards
  A mummy (Ossuary)
  4 adders
  2 oozes
  4 worms
  2 dart slugs
  3 leopard geckos
  13 orcs
  A ball python (D:4)
  7 bats
  3 giant cockroaches
  3 goblins
  5 hobgoblins
  6 jackals
  9 kobolds
  A quokka (D:4)
  3 frilled lizards
  8 gnoll skeletons (Ossuary)
  8 kobold skeletons (Ossuary)
  A leopard gecko skeleton (D:4)
  9 orc skeletons (Ossuary)
  5 rats
111 creatures vanquished.

Notes
Turn   | Place    | Note
-------+----------+-------------------------------------------
     0 | D:1      | zishaf the Deep Elf Fire Elementalist began the quest for the Orb.
     0 | D:1      | Reached XP level 1. HP: 10/10 MP: 6/6
   357 | D:1      | Reached XP level 2. HP: 15/15 MP: 6/8
   647 | D:2      | Learned a level 2 spell: Throw Flame
   925 | D:2      | Found a shimmering altar of Xom.
   928 | D:2      | Reached XP level 3. HP: 19/19 MP: 5/10
   972 | D:2      | Found a shimmering altar of Xom.
   972 | D:2      | Found a shimmering altar of Xom.
   973 | D:2      | Found a shimmering altar of Xom.
  1688 | D:3      | Reached XP level 4. HP: 24/24 MP: 7/11
  2441 | D:3      | Found a hazy altar of Hepliaklqana.
  2519 | D:3      | Reached XP level 5. HP: 27/28 MP: 9/13
  2530 | D:3      | Learned a level 5 spell: Fireball
  3281 | D:3      | HP: 1/28 [poisoned by a worker ant]
  3791 | D:4      | Reached XP level 6. HP: 32/32 MP: 11/15
  3793 | D:4      | Reached skill level 5 in Spellcasting
  3869 | D:4      | Found Nyimofam's Book Shop.
  4197 | D:4      | Reached skill level 5 in Fire Magic
  4203 | D:4      | Reached skill level 5 in Dodging
  4361 | D:4      | Reached XP level 7. HP: 36/36 MP: 7/16
  4698 | D:5      | Entered Level 5 of the Dungeon
  4731 | D:5      | Found a sand-covered staircase.
  4788 | Ossuary  | Entered an ossuary
  4788 | Ossuary  | Noticed a wraith
  4788 | Ossuary  | Noticed a wraith
  4788 | Ossuary  | Noticed a wraith
  5081 | Ossuary  | Noticed a wraith
  5303 | Ossuary  | Slain by a wraith

Vault maps used:
D:1:      lightli_iron_boxes, hangedman_decor_points
D:2:      xom_redecorated
D:3:      lemuel_doored_altar, first_ration
D:4:      cheibrodos_helix_gallery, serial_shops, nicolae_shop_waterfront
D:5:      serial_shops, shop, nicolae_ossuary_entry_false_entrances
Ossuary:  ossuary_due_mausoleum

Skill      XL: |  1  2  3  4  5  6 |
---------------+-------------------+-----
Dodging        | 3 4 5 |  5.6
Conjurations   | 2 3 4 |  4.5
Spellcasting   | 4 5 |  5.0
Fire Magic     | 4 5 |  5.6
Stealth        | |  2.4

Action                   |  1- 3 |  4- 6 |  7- 9 || total
-------------------------+-------+-------+-------++-------
Melee: Unarmed           |     1 |       |       ||     1
       Broad axe         |       |       |     3 ||     3
 Cast: Flame Tongue      |    62 |   117 |    58 ||   237
       Throw Flame       |     2 |    18 |     4 ||    24
  Use: Scroll            |       |       |     8 ||     8
  Eat: Chunk             |     2 |     8 |       ||    10
       Ration            |       |       |     1 ||     1
Armor: Robe              |     6 |     2 |       ||     8
Dodge: Dodged            |    21 |    29 |     7 ||    57

Table legend:
 A = Spawn XP
 B = Non-spawn XP
 C = Spawn XP percentage of total XP
 D = Spawn monster count
 E = Non-spawn monster count
 F = Spawn count percentage of total count
 G = Total turns spent on level
                    A         B        C        D         E        F      G
               +---------+---------+-------+---------+---------+-------+---------
         Total |       0 |     920 |   0.0 |       0 |     111 |   0.0 |  5303
               +---------+---------+-------+---------+---------+-------+---------
           D:1 |       0 |      21 |   0.0 |       0 |      10 |   0.0 |   687
           D:2 |       0 |      63 |   0.0 |       0 |      21 |   0.0 |   991
           D:3 |       0 |     178 |   0.0 |       0 |      33 |   0.0 |  2011
           D:4 |       0 |     579 |   0.0 |       0 |      20 |   0.0 |  1009
           D:5 |       0 |      36 |   0.0 |       0 |       1 |   0.0 |    90
       Ossuary |       0 |      43 |   0.0 |       0 |      26 |   0.0 |   515
               +---------+---------+-------+---------+---------+-------+---------
